 Dungeon Crawl Stone Soup version 0.17-a0-2073-gde5cdba (webtiles) character file.

597 patman the Basher (level 7, -2/41 HPs)
             Began as a Tengu Wanderer on Oct 14, 2015.
             Killed by nerve-wracking pain
             ... invoked by an orc priest
              (11 damage)
             ... on level 5 of the Dungeon.
             The game lasted 00:11:04 (5287 turns).

patman the Basher (Tengu Wanderer)                  Turns: 5287, Time: 00:11:05

Health: -2/41      AC:  6    Str: 12    XL:     7   Next: 40%
Magic:  8/8        EV: 11    Int: 14    God:
Gold:   251        SH:  0    Dex: 16    Spells: 0 memorised, 6 levels left

rFire  . . .     SeeInvis .     C - +0 flail
rCold  . . .     Clarity  .     c - +0 ring mail
rNeg   . . .     SustAt   .     (no shield)
rPois  .         Gourm    .     (helmet restricted)
rElec  .         Spirit   .     (no cloak)
rCorr  .         Warding  .     u - +0 pair of gloves
rMut   .         Stasis   .     (boots unavailable)
MR     .....                    (no amulet)
Stlth  ..........               t - ring of loudness (curse)
                                w - +2 ring of dexterity

@: not resistant to hostile enchantments, extremely unstealthy
A: beak, talons 3, able to fly 1
a: Fly


You were on level 5 of the Dungeon.
You were not hungry.

You visited 1 branch of the dungeon, and saw 5 of its levels.

You collected 251 gold pieces.

Inventory:

Hand Weapons
 d - a +0 mace
 k - a +0 dagger of speed
 z - a cursed +0 dagger
 C - a +0 flail (weapon)
Missiles
 h - 15 poisoned needles
 i - 88 stones (quivered)
 n - 2 tomahawks
Armour
 c - a +0 ring mail (worn)
 u - a +0 pair of gloves (worn)
Jewellery
 s - a +2 ring of strength
 t - a cursed ring of loudness (right hand)
 w - a +2 ring of dexterity (left hand)
Wands
 y - a wand of digging (22)
Scrolls
 j - a scroll of magic mapping
 p - a scroll of random uselessness {unknown}
 q - a scroll of remove curse {unknown}
 r - 2 scrolls of noise {unknown}
 v - a scroll of enchant weapon {unknown}
 E - 2 scrolls of amnesia {unknown}
 G - 2 scrolls of enchant armour {unknown}
 I - a scroll of teleportation
Potions
 a - a potion of berserk rage
 b - a potion of heal wounds
 f - a potion of curing
 l - 2 potions of brilliance {unknown}
 m - 2 potions of flight {unknown}
 o - a potion of mutation {unknown}
 A - a potion of degeneration {unknown}
 B - a potion of might {unknown}
 D - a potion of magic {unknown}
 F - 2 potions of agility {unknown}
Books
 x - a book of Hinderance

   Spells                             Type                      Level
   a - Confusing Touch                Hexes                        2
   b - Confuse                        Hexes                        3
   c - Gell's Gravitas                Hexes/Translocation          3
   d - Petrify                        Transmutation/Earth          4
   e - Metabolic Englaciation         Hexes/Ice                    5
Comestibles
 e - 5 bread rations
 g - 2 chunks of flesh
 H - a meat ration


   Skills:
 - Level 3.0 Fighting
 - Level 8.6 Maces & Flails
 - Level 1.1 Armour
 * Level 2.0 Dodging
 - Level 1.0 Stealth
 - Level 1.1 Unarmed Combat
 - Level 1.0 Evocations


You had 6 spell levels left.
You didn't know any spells.

Dungeon Overview and Level Annotations

Branches:
Dungeon (5/15)
 Temple: D:4-7

Altars:
Dithmenos

Annotations:
D:4 Cenon's ghost, amateur VSTm


Innate Abilities, Weirdness & Mutations

You have a beak for a mouth.
You have claws for feet.
You can fly.


Message History

The orc priest hits you but does no damage.
Things that are here:
a dagger; a robe; an orc skeleton You completely miss the orc priest.
You claw the orc priest, but do no damage.
Your peck misses the orc priest.
The orc priest calls down the wrath of Beogh upon you.
Pain shoots through your body!
You hit the orc priest.
You claw the orc priest, but do no damage.
You peck the orc priest, but do no damage.
The orc priest is moderately wounded.
The orc priest calls down the wrath of Beogh upon you.
Pain shoots through your body!
* * * LOW HITPOINT WARNING * * *
You hit the orc priest. Your kick misses the orc priest.
The orc priest is heavily wounded.
The orc priest calls down the wrath of Beogh upon you.
Pain shoots through your body!
You die...

..# #.######## #.. ..#..
#.# #.#.# #####
#.###.#.#####...#
#................
#####.......###......
#.###..)#.###.####.......
#...=###@o# #.# #......)
###.## ##.# #.# #.##....
#. #.# #.# #.##.... ..
#.# #.# #.###.#. ##. .##
#.# #.###.#. #. . ...
..#..... .. # ..#
###..... #. #..... ##..##


You could see an orc priest.

Vanquished Creatures
  2 ogres (D:4)
  A scorpion (D:4)
  A centaur skeleton (D:4)
  A hound (D:4)
  Natasha (thrice) (D:3)
  2 orc wizards
  A worker ant (D:4)
  An iguana (D:5)
  9 adders
  A shadow imp (D:5)
  An ooze (D:1)
  5 worms
  5 giant geckos
  6 orcs
  A ball python (D:3)
  7 bats
  3 giant cockroaches
  5 goblins
  6 hobgoblins
  6 giant newts
  3 kobolds (D:2)
  4 quokkas
  9 rats
83 creatures vanquished.

Notes
Turn   | Place    | Note
--------------------------------------------------------------
     0 | D:1      | patman the Tengu Wanderer began the quest for the Orb.
     0 | D:1      | patman set off with: a potion of berserk rage, a potion of heal wounds, a +0 ring mail, a +0 mace, a bread ration
     0 | D:1      | Reached XP level 1. HP: 14/14 MP: 2/2
   243 | D:1      | Reached XP level 2. HP: 12/19 MP: 3/3
   742 | D:2      | Reached XP level 3. HP: 9/23 MP: 4/4
   965 | D:2      | Reached skill level 4 in Maces & Flails
  1245 | D:2      | Reached XP level 4. HP: 17/28 MP: 5/5
  1980 | D:2      | Reached skill level 5 in Maces & Flails
  2765 | D:3      | Noticed Natasha
  2778 | D:3      | Killed Natasha
  2778 | D:3      | Gained mutation: You can fly. [Tengu growth]
  2778 | D:3      | Reached XP level 5. HP: 24/32 MP: 6/6
  2904 | D:3      | Noticed Natasha
  2910 | D:3      | Killed Natasha
  3170 | D:3      | Found a shadowy altar of Dithmenos.
  3205 | D:3      | Reached skill level 6 in Maces & Flails
  3380 | D:3      | Noticed Natasha
  3383 | D:3      | Killed Natasha
  3728 | D:4      | Reached skill level 7 in Maces & Flails
  3728 | D:4      | Reached XP level 6. HP: 30/37 MP: 7/7
  3909 | D:4      | HP: 1/37 [poisoned by a worker ant]
  4220 | D:4      | Noticed an ogre
  4233 | D:4      | Killed an ogre
  4281 | D:4      | Noticed Cenon's ghost (amateur VSTm)
  4460 | D:4      | Noticed an ogre
  4470 | D:4      | Killed an ogre
  4470 | D:4      | Reached skill level 8 in Maces & Flails
  4470 | D:4      | Reached XP level 7. HP: 29/41 MP: 8/8
  4717 | D:5      | Entered Level 5 of the Dungeon
  5287 | D:5      | Killed from afar by an orc priest

Vault maps used:
D:1:      lemuel_arrival_cross
D:2:      first_bread
D:3:      nicolae_dithmenos_shadow_blocks, uniq_natasha
D:5:      lemuel_temple_firewalk_marked, uniq_blork_the_orc, uniq_sigmund

Action                   |  1- 3 |  4- 6 |  7- 9 || total
-------------------------+-------+-------+-------++-------
Melee: Mace              |    87 |   114 |       ||   201
       Flail             |       |    55 |    60 ||   115
Throw: Stone             |     4 |     8 |       ||    12
       Tomahawk          |       |     2 |       ||     2
 Abil: Fly               |       |     1 |       ||     1
  Use: Scroll            |       |     4 |       ||     4
       Potion            |       |     2 |       ||     2
  Eat: Chunk             |     1 |    10 |     3 ||    14
